 Dungeon Sprint DCSS version 0.24.0-123-gd5b16e6ec5 (webtiles) character file.

Game seed: 4661643232397461492, levelgen mode: deterministic

1530 wilfster70 the Covert (level 8, 0/46 HPs)
             Began as a Spriggan Enchanter on Jan 15, 2020.
             Was an Initiate of Gozag.
             Shot with an arrow by a centaur warrior (21 damage)
             ... in the Dungeon (Sprint I: "Red Sonja").
             The game lasted 00:03:55 (288 turns).

wilfster70 the Covert (Spriggan Enchanter)           Turns: 288, Time: 00:03:55

Health: 0/46       AC:  3    Str:  4    XL:     8   Next: 55%
Magic:  23/23      EV: 18    Int: 18    God:    Gozag
Gold:   545        SH:  0    Dex: 17    Spells: 24/27 levels left

rFire    . . .     SeeInvis +   a - +1 dagger
rCold    . . .     Gourm    .   (shield restricted)
rNeg     . . .     Faith    .   b - +0 robe
rPois    .         Spirit   .   k - +1 hat
rElec    .         Reflect  .   (no cloak)
rCorr    .         Harm     .   (gloves unavailable)
MR       +....     NoTele   +   (boots unavailable)
Stlth    +++++.....             (no amulet)
HPRegen  0.15/turn              (no ring)
MPRegen  0.18/turn              (no ring)

@: very quick
A: very small, unfitting armour, see invisible, herbivore, speed 3, slow
metabolism 2
a: Potion Petition, Call Merchant, Bribe Branch, Renounce Religion


You were in the Dungeon.
You worshipped Gozag.
Gozag was pleased with you.
You were not hungry.

You visited 1 branch You collected 688 gold pieces.
You spent 143 gold pieces at shops.

Inventory:

Hand Weapons
 a - a +1 dagger (weapon)
Missiles
 i - 10 curare-tipped darts (quivered)
Armour
 b - a +0 robe (worn)
 k - a +1 hat (worn)
Jewellery
 c - a cursed -2 ring of dexterity {unknown}
Scrolls
 j - a scroll of blinking
Potions
 e - a potion of curing
 f - 2 potions of heal wounds
 g - a potion of haste
 h - 2 potions of magic
Comestibles
 d - 5 rations


   Skills:
 + Level 7.0 Fighting
 + Level 9.2 Short Blades
 - Level 3.0 Dodging
 + Level 12.7 Stealth
 - Level 10.3 Spellcasting
 - Level 8.2 Hexes
 - Level 6.4 Ice Magic


You had 24 spell levels left.
You knew the following spells:

 Your Spells              Type           Power        Failure   Level  Hunger
a - Corona                Hex            #####..      1%          1    None
b - Ensorcelled Hibernat  Hex/Ice        #####.       1%          2    None

Your spell library contained the following spells:

 Spells                   Type           Power        Failure   Level  Hunger
 Confuse                  Hex            #####...     1%          3    None
 Tukima's Dance           Hex            #####...     1%          3    None
 Dazzling Spray           Conj/Hex       ###...       4%          3    None


Dungeon Overview and Level Annotations

Branches:
Dungeon (1/1)

Altars:
Cheibriados
Dithmenos
Elyvilon
Fedhas
Gozag
Hepliaklqana
Kikubaaqudgha
Nemelex Xobeh
Okawaru
Qazlal
Ru
Sif Muna
Trog
Uskayaw
Vehumet
Wu Jian
Yredelemnul
Zin
The Shining One

Shops:
D ![[


Innate Abilities, Weirdness & Mutations

You are very small and have problems with some larger weapons.
You are too small for most types of armour.
You have supernaturally acute eyesight. (SInv)
You are a herbivore.
You cover ground extremely quickly.
You need to consume almost no food.


Message History

Moving in this stuff is going to be slow.
The centaur warrior wields a +0 shortbow.
The centaur warrior shoots an arrow.
The arrow hits you!
You hear a splash.
The centaur warrior shoots an arrow.
The arrow closely misses you.
The centaur warrior shouts!
You see here an arrow.
The centaur warrior shoots an arrow.
The arrow hits you!
There is an open door, spattered with blood here.
Which direction?
You can't close doors on yourself!
Which direction?
You close the door.
A centaur warrior opens the door.
There is an open door here.
There is an open door here.
The centaur warrior wields a +0 longbow.
The centaur warrior shoots an arrow.
The arrow hits you!!
You die...
Your body crumbles into a pile of gold.

#..#####'#####'# ### $
#..####..#...#.####§§# $
#..#__####..##[#§§≈§c#$$
#..#_____##'#_.+§§c§c+
#⌠⌠#_.∩...'..._#§≈c§§#$$
####_..__##_.#'##'####
$$#_____###'#)#(§§.### $
############.####c###.##
$
#∩........'..@'..§§.'(∩#
###++++####.).##########
$ ##.## $#+#$ $ $ $ $ $
$ $ $


You could see a centaur warrior.

Vanquished Creatures
  Sonja (D)
  A deep troll (D)
  Sigmund (D)
  A yak (D)
  An ogre (D)
  A jelly (D)
  Ijyb (D)
7 creatures vanquished.

Notes
Turn   | Place    | Note
-------+----------+-------------------------------------------
     0 | D        | wilfster70 the Spriggan Enchanter began the quest for the
                  | Orb.
     0 | D        | Reached XP level 1. HP: 9/9 MP: 5/5
     1 | D        | Noticed Ijyb
     9 | D        | Killed Ijyb
     9 | D        | Reached skill level 5 in Hexes
     9 | D        | Reached XP level 2. HP: 15/15 MP: 6/8
    20 | D        | Learned a level 2 spell: Ensorcelled Hibernation
    24 | D        | Noticed an ogre
    32 | D        | Killed an ogre
    32 | D        | Reached skill level 6 in Stealth
    32 | D        | Reached skill level 5 in Spellcasting
    32 | D        | Reached XP level 3. HP: 15/20 MP: 7/11
    32 | D        | Reached XP level 4. HP: 18/24 MP: 7/12
   116 | D        | Noticed Sigmund
   119 | D        | Killed Sigmund
   119 | D        | Reached skill level 5 in Short Blades
   119 | D        | Reached skill level 8 in Stealth
   119 | D        | Reached XP level 5. HP: 30/30 MP: 13/15
   135 | D        | Found a shimmering blue altar of Sif Muna.
   136 | D        | Found an ornate altar of the Wu Jian Council.
   137 | D        | Found a radiant altar of Vehumet.
   141 | D        | Reached XP level 6. HP: 34/34 MP: 17/17
   153 | D        | Found Uclotiod's Antique Armour Emporium.
   153 | D        | Found an ancient bone altar of Kikubaaqudgha.
   153 | D        | Found a hazy altar of Hepliaklqana.
   153 | D        | Found a stormy altar of Qazlal.
   153 | D        | Found a hide-covered altar of Uskayaw.
   153 | D        | Found a blossoming altar of Fedhas.
   153 | D        | Found a bloodstained altar of Trog.
   153 | D        | Found an iron altar of Okawaru.
   153 | D        | Found a basalt altar of Yredelemnul.
   153 | D        | Found a glowing golden altar of the Shining One.
   153 | D        | Found a snail-covered altar of Cheibriados.
   153 | D        | Found a sacrificial altar of Ru.
   153 | D        | Found a glowing silver altar of Zin.
   153 | D        | Found a shadowy altar of Dithmenos.
   153 | D        | Found a white marble altar of Elyvilon.
   153 | D        | Noticed a yak
   154 | D        | Found an opulent altar of Gozag.
   155 | D        | Killed a yak
   155 | D        | Reached skill level 5 in Fighting
   155 | D        | Reached skill level 9 in Stealth
   156 | D        | Found a sparkling altar of Nemelex Xobeh.
   161 | D        | Became a worshipper of Gozag Ym Sagoz the Greedy
   188 | D        | Noticed Sonja
   192 | D        | Killed Sonja
   192 | D        | Reached skill level 11 in Stealth
   192 | D        | Reached skill level 5 in Ice Magic
   192 | D        | Reached XP level 7. HP: 40/40 MP: 17/20
   210 | D        | Found Buojolie's Distillery.
   230 | D        | Noticed a deep troll
   234 | D        | Killed a deep troll
   234 | D        | Reached skill level 12 in Stealth
   234 | D        | Reached skill level 10 in Spellcasting
   234 | D        | Reached XP level 8. HP: 46/46 MP: 21/23
   241 | D        | Found Xefagokk's Armour Emporium.
   257 | D        | Bought a +1 hat for 143 gold pieces
   278 | D        | Noticed a centaur warrior
   279 | D        | Noticed a centaur warrior
   288 | D        | Shot with an arrow by a centaur warrior

Levels and vault maps discovered:
D:        dungeon_sprint_1 [red_sonja_temple_1, red_sonja_temple_small_1]

Skill      XL: |  1  2  3  4  5  6  7 |
---------------+----------------------+-----
Fighting       | 2 3 4 6 7 |  7.0
Short Blades   | 3 4 5 8 9 |  9.2
Spellcasting   | 4 5 6 7 9 10 | 10.3
Hexes          | 5 6 7 8 |  8.2
Stealth        | 6 8 11 12 | 12.7
Ice Magic      | 2 3 5 6 |  6.4
Dodging        | |  3.0

Action                   |  1- 3 |  4- 6 |  7- 9 || total
-------------------------+-------+-------+-------++-------
Melee: Dagger            |    11 |     4 |     1 ||    16
 Cast: Ensorcelled Hiber |     1 |       |       ||     1
  Use: Potion            |     1 |       |       ||     1
 Stab: Sleeping          |     2 |     4 |     1 ||     7
Armor: Robe              |     1 |       |       ||     1
Dodge: Dodged            |     7 |       |     1 ||     8
